 Dungeon Crawl Stone Soup version 0.30-a0-634-g8abc85282e (webtiles) character file.

Game seed: 605858184372724451

7 arthad the Caller (level 1, 0/7 HPs)
             Began as a Felid Summoner on Jan 15, 2023.
             Slain by a kobold
             ... wielding a +0 club
              (4 damage)
             ... on level 1 of the Dungeon.
             The game lasted 00:01:22 (116 turns).

arthad the Caller (Felid Summoner)                   Turns: 116, Time: 00:01:23

Health: 0/7        AC:  1    Str:  4    XL:     1   Next: 83%
Magic:  4/4        EV: 17    Int: 16    God:
Gold:   0          SH:  0    Dex: 16    Spells: 3/4 levels left
                                        Lives:  0   Deaths: 0

rFire   . . .      SeeInvis +    (weapon unavailable)
rCold   . . .      Faith    .    (shield unavailable)
rNeg    . . .      Spirit   .    (body armour unavailable)
rPois   .          Reflect  .    (helmet unavailable)
rElec   .          Harm     .    (cloak unavailable)
rCorr   .          Rampage  .    (gloves unavailable)
Will    .....                    (boots unavailable)
Stlth   ++                       (no amulet)
HPRegen 0.21/turn                (no ring)
MPRegen 0.09/turn                (no ring)

@: attractive, quick
A: very small, claws 1, fangs 3, see invisible, speed 1, shaggy fur 1, stealthy
paws, no weapons or thrown items, no armour, multi-lived
a: no special abilities


You were on level 1 of the Dungeon.
You visited 1 branch of the dungeon, and saw 1 of its levels.

Inventory:

Potions
 a - a potion of magic


   Skills:
 + Level 2.9 Dodging
 + Level 3.0 Stealth
 + Level 2.1 Spellcasting
 + Level 4.1 Summonings


You had 3 spell levels left.
You knew the following spells:

 Your Spells              Type           Power      Damage    Failure   Level
a - Summon Small Mammal   Summ           56%        N/A       3%          1

Your spell library contained the following spells:

 Spells                   Type           Power      Damage    Failure   Level
 Call Imp                 Summ           14%        N/A       6%          2
 Call Canine Familiar     Summ           14%        N/A       12%         3
 Summon Guardian Golem    Hex/Summ       8%         N/A       26%         3
 Summon Lightning Spire   Summ/Air       8%         N/A       65%         4


Dungeon Overview and Level Annotations

Branches:
Dungeon (1/15)

Altars:


Innate Abilities, Weirdness & Mutations

You have sharp claws.
You have razor-sharp teeth.
You have supernaturally acute eyesight. (SInv)
You cover ground quickly. (Speed+)
You are covered in fur. (AC +1)
Your paws help you pounce on unaware monsters.
You are incapable of wielding weapons or throwing items.
You cannot wear armour.
You gain extra lives every three experience levels.


Message History

Your bat hits the ball python.
Your quokka bites the ball python.
The ball python bites your bat. The ball python misses your bat.
Your bat barely misses the ball python.
You scratch the ball python.
You kill the ball python!
Your bat barely misses the goblin.
Your quokka bites the goblin.
The goblin dies!
Your Stealth skill increases to level 3!
Your bat hits the bush but does no damage.
Your bat hits the bush but does no damage.
Your bat hits the bush but does no damage.
You swap places.
The kobold is attracted toward you.
Things that are here:
a +0 club; 6 gold pieces; a +0 club A kobold is nearby!
Unknown command.
What are your orders? t - Meow!
Orders for allies: a - Attack new target. r - Retreat! s - Stop attacking. g - Guard the area. f - Follow me.
Anything else - Cancel.
Gang up on whom?
Press: ? - help, Dir - move target, f - kobold
Aim: a kobold, wielding a +0 club and quivering stones (not watching you, ally target) Attack!
Your bat disappears in a puff of smoke!
The kobold throws a stone.
The stone hits your quokka. The kobold is attracted toward you.
The kobold hits your quokka with a +0 club.
Your quokka closely misses the kobold.
The kobold is attracted toward you.
Your quokka completely misses the kobold.
The kobold closely misses you.
Your quokka bites the kobold.
The kobold hits you with a +0 club.
Your quokka barely misses the kobold.
You barely miss the kobold. You bite the kobold, but do no damage.
The kobold is heavily wounded.
The kobold hits you with a +0 club.
Ouch! That really hurt!
You die...

#....#
##r..........~~~≈##
#.#.## #..g..........~~≈#
♣♣♣♣♣♣##...........#..~##
g......#................
♣....♣♣♣♣... ##..♣♣.♣.♣..
#.♣.♣.r♣♣♣. #...♣.KP.♣
##PP.@..♣ #♣PPP..♣
#♣♣♣♣♣♣


You could see a kobold (ally target) and a friendly quokka (summoned).

Vanquished Creatures
  A goblin (D:1)
  2 ball pythons (D:1)
  A rat (D:1)
4 creatures vanquished.

Vanquished Creatures (collateral kills)
  A goblin (D:1)
  A ball python (D:1)
  A rat (D:1)
3 creatures vanquished.

Vanquished Creatures (others)
  2 plants (D:1)
2 creatures vanquished.

Grand Total: 9 creatures vanquished

Notes
Turn   | Place    | Note
-------+----------+-------------------------------------------
     0 | D:1      | arthad the Felid Summoner began the quest for the Orb.
     0 | D:1      | Reached XP level 1. HP: 7/7 MP: 4/4
   116 | D:1      | Slain by a kobold

Illustrated notes

Levels and vault maps discovered:
D:1:      denvon_arrival_waterhouse, layout_rooms, serial_forest,
          infiniplex_forest_clump_double, infiniplex_forest_3_way,
          infiniplex_forest_straight_2, infiniplex_forest_lined_4_way,
          infiniplex_forest_end_2, infiniplex_forest_diagonal,
          infiniplex_forest_lined_3_way, minmay_pentomino_s4

Skill      XL: |  1 |
---------------+----+-----
Stealth        | 3 |  3.0
Dodging        | |  2.9
Spellcasting   | |  2.1
Summonings     | |  4.1

Action                   || total
-------------------------++-------
Melee: Unarmed           ||    20
       Bite              ||     3
 Cast: Summon Small Mamm ||     5
  Use: Potion            ||     1
 Stab: Distracted        ||     1
Dodge: Dodged            ||    41

Table legend: (Time is in decaauts)
 A = Elapsed time spent in this place.
 B = Non-inter-level travel time spent in this place.
 C = Inter-level travel time spent in this place.
 D = Time resting spent in this place.
 E = Time spent auto-exploring this place.
 F = Levels seen in this place.
 G = Mean time per level.
                   A        B        C        D        E       F      G
               +--------+--------+--------+--------+--------+-----+--------+
         Total |    102 |    102 |      0 |      0 |     16 |   1 |  102.0 |
       Dungeon |    102 |    102 |      0 |      0 |     16 |   1 |  102.0 |
               +--------+--------+--------+--------+--------+-----+--------+

Top non-repeatable levels by time:
     D:1: 102 daAuts
